 Dungeon Crawl Stone Soup version 0.21.1-1-g345015f (webtiles) character file.

432140 Cherybdis the Formicid Barricade (level 25, -1/231 HPs)
             Began as a Formicid Fighter on Feb 15, 2018.
             Was the Champion of Qazlal.
             Slain by a deep troll shaman (2 damage)
             ... on level 3 of the Depths on Feb 17, 2018.
             The game lasted 05:25:41 (43424 turns).

Cherybdis the Formicid Barricade (FoFi)            Turns: 43424, Time: 05:25:41

Health: -1/231     AC: 37    Str: 34    XL:     25   Next: 10%
Magic:  25/25      EV: 15    Int: 10    God:    Qazlal [******]
Gold:   2551       SH: 37    Dex: 10    Spells: 24/24 levels left

rFire    + . .     SeeInvis +   a - +9 demon trident (drain)
rCold    + + .     Gourm    .   p - +1 large shield
rNeg     . . .     Faith    .   L - +8 plate armour
rPois    +         Spirit   .   (helmet unavailable)
rElec    +         Reflect  .   A - scarf {repulsion}
rCorr    +         Harm     .   m - +2 pair of gloves of the Soldier {Slay+5}
MR       ++...                  n - +2 pair of boots
Stlth    ..........             C - amulet of regeneration
HPRegen  0.88/turn              X - +3 ring of protection
MPRegen  0.19/turn              S - +4 ring of evasion

@: mighty, resistant, flayed, protected from physical damage, very slightly
contaminated, invisible, repel missiles
A: permanent stasis, dig shafts and tunnels, four strong arms, antennae 3, cold
resistance 1, robust 1, weak 1
}: 2/15 runes: serpentine, barnacled
a: Dig, Shaft Self, Upheaval, Elemental Force, Disaster Area, Renounce Religion


You were on level 3 of the Depths.
You worshipped Qazlal.
Qazlal was exalted by your worship.
You were hungry.

You visited 8 branches of the dungeon, and saw 42 of its levels.
You also visited: Labyrinth and Sewer.

You collected 4277 gold pieces.
You spent 1726 gold pieces at shops.

Inventory:

Hand Weapons
 a - a +9 demon trident of draining (weapon)
 Y - a +2 bardiche of electrocution
Missiles
 e - 112 tomahawks (quivered)
 k - 14 javelins of penetration
 E - 91 javelins
 F - 7 silver javelins
 O - 15 javelins of returning
 P - 12 poisoned tomahawks
 R - 21 steel javelins
 Z - 2 silver tomahawks
Armour
 m - the +2 pair of gloves of the Soldier (worn) {Slay+5}
   (You acquired it on level 3 of the Shoals)

   It affects your accuracy and damage with ranged weapons and melee attacks
   (+5).
 n - a +2 pair of boots (worn)
 p - a +1 large shield (worn)
 A - a scarf of repulsion (worn)
 L - a +8 plate armour (worn)
Jewellery
 g - an uncursed ring of poison resistance
 u - an uncursed ring of resist corrosion
 C - an amulet of regeneration (around neck)
 J - the ring "Tilupos" {rC+ Str+2}
   (You found it on level 2 of the Vaults)

   [ring of protection from cold]

   It affects your strength (+2).
   It protects you from cold.
 S - a +4 ring of evasion (right hand)
 W - an uncursed ring of protection from fire
 X - a +3 ring of protection (left hand)
Wands
 b - a wand of iceblast (46)
 y - a wand of enslavement (37)
 D - a wand of acid (46)
 G - a wand of polymorph (23)
 H - a wand of paralysis (42)
 K - a wand of disintegration (12)
 N - a wand of clouds (6)
 T - a wand of digging (15)
Scrolls
 h - 6 scrolls of fog
 j - 15 scrolls of magic mapping
 o - 19 scrolls of remove curse
 v - 9 scrolls of fear
 x - 38 scrolls of identify
 I - 7 scrolls of amnesia
 Q - a scroll of brand weapon {unknown}
Potions
 c - a potion of brilliance
 d - 6 potions of might
 l - 9 potions of flight
 s - 5 potions of lignification
 t - 6 potions of magic
 w - a potion of resistance
 z - a potion of cancellation
 M - a potion of invisibility
 V - 7 potions of agility
Miscellaneous
 U - a lightning rod (4/4)
Comestibles
 f - 64 rations


   Skills:
 + Level 19.8 Fighting
   Level 8.8(15.7) Axes
 + Level 20.1(20.6) Polearms
 + Level 7.5 Throwing
 + Level 14.2 Armour
 + Level 5.7 Dodging
 + Level 4.2 Stealth
 O Level 27 Shields
 + Level 3.8 Invocations
 + Level 0.1 Evocations


You had 24 spell levels left.
You didn't know any spells.

Dungeon Overview and Level Annotations

Branches:
Dungeon (15/15)            Temple (0/1) D:7            Lair (6/6) D:8
 Shoals (4/4) Lair:2        Snake (4/4) Lair:3        Slime (0/5) Lair:5
    Orc (2/2) D:12            Elf (3/3) Orc:2        Vaults (5/5) D:14
  Crypt (0/3) Vaults:3     Depths (3/5) D:15

Altars:
Ashenzari
Cheibriados
Dithmenos
Elyvilon
Fedhas
Hepliaklqana
Makhleb
Nemelex Xobeh
Okawaru
Qazlal
Ru
Sif Muna
Trog
Yredelemnul
The Shining One
Beogh
Jiyva
Lugonu

Shops:
D:6 =   D:8 (   D:10 *   Orc:2 *(*?   Elf:1 *   Elf:2 ((   Elf:3 !   Shoals:1 *
Shoals:2 (   Shoals:3 *   Snake:2 %   Snake:4 %   Vaults:1 *   Vaults:3 *

Portals:
Hell: Depths:1 Depths:2 Depths:3
Abyss: Depths:2
Pandemonium: Depths:3
Ziggurat: Depths:3

Annotations:
D:14 1 runed door
Depths:3 1 transporter


Innate Abilities, Weirdness & Mutations

You cannot be hasted, slowed, berserked, paralysed or teleported.
You can dig through walls and to a lower floor.
Your four strong arms can wield two-handed weapons with a shield.
You have a pair of large antennae on your head. (SInv)
Your flesh is cold resistant. (rC+)
You are robust. (+10% HP)
You are weak. (Str -2)


Message History

You block the tengu reaver's attack. The deep troll earth mage bites you!!
* * * LOW HITPOINT WARNING * * *
The deep troll earth mage closely misses you.
You block the deep troll earth mage's attack.
The sphinx hits you.
* * * LOW HITPOINT WARNING * * *
You block the sphinx's attack. The sphinx barely misses you.
The tengu reaver is struck by lightning.
The tengu reaver closely misses you.
You hear a deafening roar!
Okay, then.
You feel better.
The jiangshi is engulfed in blazing flames.
You block the deep elf elementalist's attack.
The deep troll shaman bites you!
* * * LOW HITPOINT WARNING * * *
You feel more protected from physical attacks.
You block the deep troll shaman's attack.
The deep troll shaman claws you.
You die...

#####.C#####.....# #.#
####.D######.....# #.#
###Hi#######.....### #.#
....##....##....R#.## #.#
D>ED.........zWZZ#©.###.#
.p..E.......WTWWV#......#
###Q#E.##.[WWpQ*V######.#
####.#V....WWeQTH# #.#
#####......VVD*T@# #.#
###.....#######e## #.#
##.....CCE###.§..######.#####
#############...............#
####..#####.###.# ###
##'######.# #.# #.#
#.......#.# #.# #)#
#.......#.# #.# #.#
####.......#.# #.#


You could see a storm dragon, a sphinx, 2 tengu reavers, a vampire knight
(invisible), a deep elf annihilator, a rakshasa, a hell knight, a jiangshi, a
deep elf elementalist, a flayed ghost, 2 vampire magi, 2 shadow wraiths, a
phantasmal warrior, a deep troll earth mage, 2 deep troll shamans, a spectral
iron dragon, a spectral tengu reaver, 2 hungry ghosts, a wraith, a shadow
(invisible), a wight and 2 battlespheres.

Vanquished Creatures
  A juggernaut (Depths:3)
  Bai Suzhen (Depths:1)
  A caustic shrike (Depths:2)
  Nikola (Shoals:3)
  3 golden dragons
  Jorgrun (Depths:3)
  3 liches
  A tentacled monstrosity (Depths:3)
  2 deep elf blademasters (Elf:3)
  2 deep elf master archers (Elf:3)
  Polyphemus (Shoals:3)
  A sphinx (Vaults:4)
  Agnes (D:14)
  Kirke (D:12)
  Donald (Vaults:1)
  Ilsuiw (Shoals:4)
  A tengu reaver (Depths:2)
  Roxanne (D:14)
  4 fire giants
  8 frost giants
  11 nagarajas
  9 deep elf sorcerers
  Louise (Shoals:1)
  10 vault wardens
  Aizul (Snake:4)
  2 orc warlords
  14 ironheart preservers
  5 deep elf elementalists (Elf:3)
  10 very ugly things
  Nessos (D:14)
  3 vampire knights
  15 stone giants
  7 deep elf demonologists
  22 slime creatures
  3 entropy weavers
  12 deep elf annihilators
  2 spark wasps (Depths:3)
  5 deep elf death magi
  Snorg (D:12)
  9 merfolk javelineers
  8 ettins
  6 merfolk impalers
  A minotaur (Lab)
  2 fire dragons (Depths:3)
  5 yaktaur captains
  4 great orbs of eyes
  A hell beast (Depths:1)
  9 ice dragons
  7 naga warriors
  4 vault guards
  5 hydras
  4 rakshasas
  18 anacondas
  A catoblepas (Shoals:3)
  7 merfolk aquamancers
  4 spriggan air magi
  5 merfolk avatars
  4 satyrs
  38 two-headed ogres
  21 dancing weapons
  10 ogre magi
  5 centaur warriors
  2 tengu warriors (Depths:3)
  7 death yaks
  An orc high priest (Vaults:3)
  Urug (D:12)
  12 naga sharpshooters
  A vampire mage (Depths:1)
  A sun demon (Depths:3)
  4 deep troll earth magi
  7 shock serpents
  A titan skeleton (Vaults:3)
  4 hell knights
  21 deep elf knights
  10 skeletal warriors
  12 sea snakes
  An unseen horror (D:15)
  2 shadow wraiths
  4 naga ritualists
  A deep troll (shapeshifter) (Depths:1)
  A storm dragon skeleton (Depths:1)
  22 deep elf archers
  5 deep trolls
  A glowing orange brain (D:15)
  16 ironbrand convokers
  A phantasmal warrior (Vaults:4)
  5 wizards
  2 orb spiders (shapeshifter)
  27 orc knights
  3 necromancers
  A stone giant zombie (Depths:1)
  A wolf spider (Vaults:3)
  46 deep elf magi
  3 mana vipers
  A shadow dragon skeleton (Vaults:3)
  A sphinx zombie (Depths:1)
  24 harpies
  3 orc sorcerers
  A sphinx skeleton (Vaults:3)
  10 manticores
  A tengu skeleton (Vaults:3)
  A cyclops (D:12)
  27 ugly things
  5 salamanders
  8 merfolk sirens
  7 elephants
  7 fauns
  A stone giant skeleton (Vaults:3)
  A rust devil (Depths:1)
  2 black mambas (shapeshifter)
  3 human skeletons (Vaults:3)
  3 centaur zombies
  6 guardian serpents
  27 black mambas
  26 naga magi
  6 water nymphs
  20 spiny frogs
  18 vault sentinels
  3 rime drakes (Lair:3)
  A gargoyle (D:14)
  A hellion (Depths:3)
  3 freezing wraiths
  3 komodo dragons
  2 komodo dragons (shapeshifter)
  2 kobold demonologists (D:14)
  2 efreet
  A rime drake (shapeshifter) (Vaults:3)
  33 yaktaurs
  2 red devils
  A queen bee (shapeshifter) (D:15)
  3 tengu conjurers
  A jumping spider (Vaults:2)
  A merfolk (shapeshifter) (Depths:2)
  2 polar bears (shapeshifter)
  6 wind drakes
  3 yaktaur skeletons (Vaults:3)
  23 merfolk
  6 trolls
  The ghost of gribnar the Unweaver, an amateur DsAK of Lugonu (D:5)
  2 hornets
  3 tyrant leeches (Lair:6)
  4 dream sheep (Lair:5)
  37 blink frogs
  A wind drake (shapeshifter) (D:15)
  8 snapping turtles
  A frost giant simulacrum (Depths:1)
  2 blink frogs (shapeshifter)
  Grinder (D:6)
  A hippogriff (shapeshifter) (D:15)
  6 hippogriffs
  3 redbacks
  20 water elementals
  11 air elementals
  3 shadows
  3 vampires
  3 wraiths
  16 humans (D:14)
  4 basilisks
  4 fire elementals
  5 hogs (D:12)
  3 wyverns
  A yak (shapeshifter) (Vaults:1)
  46 yaks
  2 basilisks (shapeshifter)
  2 chaos spawn (Depths:3)
  2 steam dragons
  4 hungry ghosts
  A neqoxec (Depths:3)
  The ghost of Zazen the Slasher, an amateur DsWr (D:4)
  6 vampire mosquitoes (Lair:6)
  Menkaure (D:6)
  A human simulacrum (Vaults:3)
  2 insubstantial wisps (D:10)
  A swamp worm (shapeshifter) (Depths:1)
  15 wargs
  A soldier ant (D:13)
  39 nagas
  3 acid dragons
  12 water moccasins
  8 porcupines
  A swamp drake (D:12)
  A black bear (D:7)
  63 orc warriors
  2 ettin simulacra
  An eye of draining (shapeshifter) (Vaults:2)
  An ice beast (shapeshifter) (Elf:1)
  An eye of draining (D:15)
  3 ice beasts
  7 sky beasts
  12 boggarts
  15 wolves
  A centaur (shapeshifter) (Depths:2)
  39 ogres
  4 phantoms
  A necrophage (D:7)
  7 centaurs
  11 crocodiles
  3 big kobolds
  5 earth elementals
  32 bullfrogs
  A wyvern zombie (D:11)
  A wyvern skeleton (D:10)
  A scorpion (D:8)
  A water moccasin skeleton (D:9)
  3 wights (D:14)
  22 killer bees
  8 electric eels
  2 howler monkeys (D:9)
  A bullfrog zombie (D:8)
  3 crimson imps
  5 hounds
  3 quasits
  23 orc priests
  7 jellies
  36 orc wizards
  3 centaur skeletons
  2 iron imps
  3 bullfrog skeletons
  3 iguanas
  9 worker ants
  3 hound zombies
  6 gnolls
  17 adders
  5 shadow imps
  A white imp (Depths:3)
  An ufetubus (Depths:3)
  An ooze (Sewer)
  2 adder zombies
  2 adder skeletons
  5 worms
  2 dart slugs
  8 leopard geckos
  100 orcs
  7 giant cockroaches
  6 goblins
  8 hobgoblins
  5 jackals
  4 quokkas
  3 ball pythons
  10 bats
  12 frilled lizards
  23 kobolds
  A leopard gecko zombie (D:7)
  A quokka skeleton (D:4)
  8 rats
  A spectral orc (D:3)
  A butterfly (D:7)
  2 plants
1764 creatures vanquished.

Vanquished Creatures (collateral kills)
  A deep elf death mage (Elf:3)
  A bullfrog (Lair:4)
  An orc wizard (Orc:2)
  An orc (Orc:2)
  5 plants (Shoals:1)
9 creatures vanquished.

Vanquished Creatures (others)
  A very ugly thing (Depths:2)
  A deep elf annihilator (Vaults:4)
  A rakshasa (Vaults:3)
  A satyr (Shoals:4)
  A naga sharpshooter (Snake:1)
  A harpy (Shoals:4)
  A deep elf mage (Elf:1)
  A black mamba (Snake:2)
  A naga mage (Snake:4)
  An air elemental (Depths:3)
  A naga (Snake:2)
  3 ogres
  A hound skeleton (D:10)
  10 fungi
  34 plants
59 creatures vanquished.

Grand Total: 1832 creatures vanquished

Notes
Turn   | Place    | Note
-------+----------+-------------------------------------------
     0 | D:1      | Cherybdis the Formicid Fighter began the quest for the Orb.
     0 | D:1      | Reached XP level 1. HP: 18/18 MP: 1/1
    96 | D:1      | Reached XP level 2. HP: 12/24 MP: 2/2
   306 | D:1      | Reached skill level 4 in Shields
   473 | D:1      | Reached XP level 3. HP: 29/29 MP: 3/3
  1268 | D:2      | Reached XP level 4. HP: 22/35 MP: 4/4
  1514 | D:3      | Found a glowing drain.
  1650 | Sewer    | Entered a sewer
  1856 | Sewer    | Reached skill level 1 in Throwing
  1856 | Sewer    | Reached XP level 5. HP: 39/41 MP: 5/5
  2087 | Sewer    | Noticed a big kobold
  2097 | Sewer    | Killed a big kobold
  2097 | Sewer    | Reached skill level 1 in Dodging
  2531 | D:3      | Reached skill level 5 in Shields
  2685 | D:3      | Reached XP level 6. HP: 33/48 MP: 6/6
  3006 | D:3      | Found a stormy altar of Qazlal.
  3012 | D:3      | Found a blossoming altar of Fedhas.
  3020 | D:3      | Became a worshipper of Qazlal Stormbringer
  3096 | D:3      | Found a basalt altar of Yredelemnul.
  3522 | D:4      | Noticed Zazen's ghost (amateur DsWr)
  3820 | D:4      | Reached XP level 7. HP: 45/53 MP: 7/7
  3841 | D:4      | Found a bloodstained altar of Trog.
  3884 | D:4      | Found a white marble altar of Elyvilon.
  3911 | D:4      | Found a deep blue altar of Sif Muna.
  3975 | D:4      | Reached * piety under Qazlal
  4010 | D:4      | Killed Zazen's ghost
  4010 | D:4      | Reached skill level 5 in Armour
  4151 | D:5      | Entered Level 5 of the Dungeon
  4274 | D:5      | Reached skill level 5 in Axes
  4324 | D:5      | Noticed gribnar's ghost (amateur DsAK)
  4341 | D:5      | Killed gribnar's ghost
  4341 | D:5      | Reached XP level 8. HP: 43/61 MP: 8/8
  5177 | D:5      | Reached skill level 6 in Shields
  5371 | D:6      | Found a sparkling altar of Nemelex Xobeh.
  5378 | D:6      | Found a sacrificial altar of Ru.
  5390 | D:6      | Reached skill level 5 in Fighting
  5399 | D:6      | Noticed Grinder
  5422 | D:6      | Killed Grinder
  5422 | D:6      | Reached XP level 9. HP: 39/68 MP: 9/9
  5509 | D:6      | Noticed Menkaure
  5798 | D:6      | Killed Menkaure
  5817 | D:6      | Found Potrif's Jewellery Shop.
  5835 | D:6      | Bought an uncursed ring of poison resistance for 260 gold pieces
  5883 | D:6      | Reached skill level 7 in Shields
  5919 | D:6      | Reached ** piety under Qazlal
  6287 | D:6      | Got a twisted trident
  6288 | D:6      | Identified the +8 trident of the Revolution {flame, rN++ Str-4 Int+4} (You found it on level 6 of the Dungeon)
  6480 | D:6      | Found a snail-covered altar of Cheibriados.
  6641 | D:7      | Found a staircase to the Ecumenical Temple.
  6755 | D:7      | Reached skill level 1 in Polearms
  6764 | D:7      | Reached XP level 10. HP: 66/76 MP: 10/10
  6806 | D:7      | Found a burning altar of Makhleb.
  7391 | D:8      | Reached skill level 5 in Polearms
  7391 | D:8      | Reached skill level 8 in Shields
  7394 | D:8      | Reached *** piety under Qazlal
  7717 | D:8      | Found a stormy altar of Qazlal.
  7726 | D:8      | Reached skill level 1 in Stealth
  8099 | D:8      | Found a staircase to the Lair.
  8129 | D:8      | Found Ighu's Antique Weapon Emporium.
  8258 | D:8      | Found a hazy altar of Hepliaklqana.
  8270 | D:8      | Found a glowing golden altar of the Shining One.
  8331 | D:8      | Found an iron altar of Okawaru.
  8411 | D:9      | Found a shattered altar of Ashenzari.
  8437 | D:9      | Gained mutation: You possess an exceptional clarity of mind. [potion of mutation]
  8437 | D:9      | Gained mutation: You have sharp toenails. [potion of mutation]
  8437 | D:9      | Gained mutation: You are partially covered in thin metallic scales. (AC +2) [potion of mutation]
  8438 | D:9      | Lost mutation: You are partially covered in thin metallic scales. (AC +2) [potion of mutation]
  8438 | D:9      | Lost mutation: You have sharp toenails. [potion of mutation]
  8438 | D:9      | Lost mutation: You possess an exceptional clarity of mind. [potion of mutation]
  8438 | D:9      | Gained mutation: You have a somewhat thin skeletal structure. (Dex +2, Stealth) [potion of mutation]
  8438 | D:9      | Gained mutation: Your spells are a little harder to cast, but a little more powerful. [potion of mutation]
  8438 | D:9      | Gained mutation: You do not regenerate when monsters are visible. [potion of mutation]
  8438 | D:9      | Gained mutation: Your movements are slightly less encumbered by armour. (ER -2) [potion of mutation]
  8439 | D:9      | Lost mutation: You do not regenerate when monsters are visible. [potion of mutation]
  8439 | D:9      | Lost mutation: Your spells are a little harder to cast, but a little more powerful. [potion of mutation]
  8439 | D:9      | Lost mutation: You have a somewhat thin skeletal structure. (Dex +2, Stealth) [potion of mutation]
  8439 | D:9      | Lost mutation: Your movements are slightly less encumbered by armour. (ER -2) [potion of mutation]
  8439 | D:9      | Gained mutation: You are dopey. (Int -2) [potion of mutation]
  8439 | D:9      | Gained mutation: Your natural rate of healing is unusually fast. [potion of mutation]
  8469 | D:9      | Found a shadowy altar of Dithmenos.
  8535 | D:9      | Noticed a two-headed ogre
  8540 | D:9      | Killed a two-headed ogre
  8540 | D:9      | Reached XP level 11. HP: 56/81 MP: 11/11
  8707 | D:9      | Reached skill level 9 in Shields
  8717 | D:9      | Reached **** piety under Qazlal
  9144 | D:10     | Entered Level 10 of the Dungeon
  9192 | D:10     | Noticed a two-headed ogre
  9197 | D:10     | Killed a two-headed ogre
  9354 | D:10     | Found Rycamnal's General Store.
  9559 | D:10     | Reached skill level 10 in Shields
  9636 | D:10     | Reached ***** piety under Qazlal
 10137 | Lair:1   | Entered Level 1 of the Lair of Beasts
 10317 | Lair:1   | Noticed a four-headed hydra
 10330 | Lair:1   | Killed a four-headed hydra
 10382 | Lair:1   | Reached XP level 12. HP: 89/91 MP: 12/12
 10639 | Lair:2   | Reached skill level 11 in Shields
 10773 | Lair:2   | Reached skill level 10 in Polearms
 11009 | Lair:2   | Found a staircase to the Shoals.
 11467 | Lair:3   | Reached skill level 12 in Shields
 11567 | Lair:3   | Found a staircase to the Snake Pit.
 11584 | Lair:3   | Reached XP level 13. HP: 98/98 MP: 13/13
 12541 | Lair:4   | Reached skill level 13 in Shields
 12578 | Lair:4   | Reached skill level 1 in Invocations
 13573 | Lair:5   | Reached skill level 5 in Throwing
 13853 | Lair:5   | Found a staircase to the Slime Pits.
 13853 | Lair:5   | Found a viscous altar of Jiyva.
 13939 | Lair:6   | Entered Level 6 of the Lair of Beasts
 13945 | Lair:6   | Reached skill level 14 in Shields
 13969 | Lair:6   | Reached XP level 14. HP: 83/106 MP: 15/15
 14171 | Lair:6   | Reached skill level 15 in Shields
 15169 | Snake:1  | Entered Level 1 of the Snake Pit
 15486 | Snake:1  | You fall through a shaft!
 15524 | Snake:2  | Noticed a nagaraja
 15530 | Snake:2  | Killed a nagaraja
 15717 | Snake:2  | Reached skill level 16 in Shields
 15730 | Snake:2  | Reached XP level 15. HP: 107/115 MP: 17/17
 16585 | Snake:2  | Reached skill level 10 in Armour
 16587 | Snake:2  | Reached skill level 10 in Fighting
 16610 | Snake:2  | Found Bizeck's Food Emporium.
 17363 | Snake:3  | Reached ****** piety under Qazlal
 17943 | Snake:4  | Entered Level 4 of the Snake Pit
 17956 | Snake:4  | Reached skill level 17 in Shields
 18206 | Snake:4  | Reached XP level 16. HP: 124/124 MP: 18/18
 18324 | Snake:4  | Found Aluarrex's Food Emporium.
 18383 | Snake:4  | Noticed Aizul
 18398 | Snake:4  | Killed Aizul
 18569 | Snake:4  | Noticed a nagaraja
 18573 | Snake:4  | Noticed a nagaraja
 18582 | Snake:4  | Noticed a nagaraja
 18585 | Snake:4  | Killed a nagaraja
 18592 | Snake:4  | Noticed a nagaraja
 18602 | Snake:4  | Noticed a nagaraja
 18602 | Snake:4  | Killed a nagaraja
 18602 | Snake:4  | Reached skill level 18 in Shields
 18634 | Snake:3  | Killed a nagaraja
 18783 | Snake:4  | Killed a nagaraja
 18848 | Snake:4  | Noticed a nagaraja
 18869 | Snake:4  | Killed a nagaraja
 18897 | Snake:4  | Noticed a nagaraja
 18906 | Snake:4  | Killed a nagaraja
 18920 | Snake:4  | Killed a nagaraja
 18932 | Snake:4  | Noticed a nagaraja
 18937 | Snake:4  | Killed a nagaraja
 18938 | Snake:4  | Noticed a nagaraja
 18967 | Snake:4  | Reached XP level 17. HP: 130/133 MP: 19/19
 18974 | Snake:4  | Reached skill level 19 in Shields
 18995 | Snake:4  | Reached skill level 15 in Polearms
 19200 | Snake:4  | Got a serpentine rune of Zot
 19550 | Shoals:1 | Entered Level 1 of the Shoals
 19819 | Shoals:1 | Noticed Louise
 19845 | Shoals:1 | Killed Louise
 20208 | Shoals:1 | Found Gammo's Assorted Antiques.
 20216 | Shoals:1 | Bought a scroll of enchant weapon for 232 gold pieces
 20216 | Shoals:1 | Bought a scroll labeled XUREID SOUH for 31 gold pieces
 20519 | Shoals:2 | Found Acadur's Weapon Emporium.
 21059 | Shoals:2 | Lost mutation: You are dopey. (Int -2) [potion of mutation]
 21059 | Shoals:2 | Lost mutation: Your natural rate of healing is unusually fast. [potion of mutation]
 21059 | Shoals:2 | Gained mutation: You are partially covered in large bone plates. (SH +4) [potion of mutation]
 21059 | Shoals:2 | Gained mutation: You are agile. (Dex +2) [potion of mutation]
 21750 | Shoals:3 | Reached skill level 20 in Shields
 21885 | Shoals:3 | Reached XP level 18. HP: 143/143 MP: 20/20
 22063 | Shoals:3 | Found the +9 staff of Wucad Mu {channel}
 22276 | Shoals:3 | Found Jioch's General Store.
 22289 | Shoals:3 | Bought a scroll of enchant weapon for 105 gold pieces
 22289 | Shoals:3 | Identified a scroll of acquirement
 22290 | Shoals:3 | Got a pair of ancient gloves
 22301 | Shoals:3 | Identified the +2 pair of gloves of the Soldier {Slay+5} (You acquired it on level 3 of the Shoals)
 22540 | Shoals:4 | Entered Level 4 of the Shoals
 22540 | Shoals:4 | Noticed Nikola
 22571 | Shoals:3 | Killed Nikola
 22652 | Shoals:4 | Noticed Polyphemus
 23116 | Shoals:3 | Killed Polyphemus
 23137 | Shoals:4 | Noticed Ilsuiw
 23200 | Shoals:3 | Reached skill level 21 in Shields
 23255 | Shoals:4 | Killed Ilsuiw
 23557 | Shoals:4 | Got a barnacled rune of Zot
 24004 | D:6      | Bought an uncursed ring of protection from cold for 325 gold pieces
 24004 | D:6      | Bought an uncursed ring of protection from fire for 325 gold pieces
 24004 | D:6      | Bought a +3 ring of protection for 273 gold pieces
 24765 | D:12     | Noticed Kirke
 24787 | D:12     | Killed Kirke
 24820 | D:12     | Noticed Snorg
 24831 | D:12     | Killed Snorg
 24909 | D:12     | Reached XP level 19. HP: 152/152 MP: 21/21
 25103 | D:12     | Noticed Urug
 25108 | D:12     | Killed Urug
 25175 | D:12     | Found a staircase to the Orcish Mines.
 25546 | Orc:1    | Entered Level 1 of the Orcish Mines
 25694 | Orc:1    | Found a deep blue altar of Sif Muna.
 25828 | Orc:2    | Entered Level 2 of the Orcish Mines
 25962 | Orc:2    | Found a staircase to the Elven Halls.
 25982 | Orc:2    | Found a labyrinth entrance.
 25992 | Lab      | Entered a labyrinth
 26703 | Lab      | Got a faintly glowing rapier
 26823 | Orc:2    | Found Vohih's Magic Scroll Shoppe.
 26823 | Orc:2    | Found Ruoniyng's Assorted Antiques.
 26900 | Orc:2    | Found a roughly hewn altar of Beogh.
 27267 | Orc:2    | Bought a scroll of enchant weapon for 105 gold pieces
 27295 | Orc:2    | Found a roughly hewn altar of Beogh.
 27314 | Orc:2    | Identified the +4 rapier "Ecitirha" {antimagic, Str+5} (You found it in a labyrinth)
 27373 | Orc:2    | Found Ritzerux's Assorted Antiques.
 27373 | Orc:2    | Found Sosuc's Antique Weapon Shoppe.
 27584 | Elf:1    | Entered Level 1 of the Elven Halls
 27778 | Elf:1    | Reached skill level 22 in Shields
 27858 | Elf:1    | Found Duvigret's General Store.
 28008 | Elf:1    | Noticed an Ice Fiend
 28011 | Elf:1    | Lost mutation: You are agile. (Dex +2) [a neqoxec]
 28324 | Elf:1    | Got a pitted rapier {holy}
 28455 | Elf:1    | Reached skill level 15 in Fighting
 28466 | Elf:1    | Found the +3 robe of Folly {Archmagi, MR-- Int+5}
 28583 | Elf:1    | Identified the +8 rapier "Xipicinn" {holy, rElec rC+} (You took it off a deep elf sorcerer on level 1 of the Elven Halls)
 28641 | Elf:2    | Reached skill level 5 in Dodging
 28838 | Elf:2    | Found Doatz's Weapon Shoppe.
 28945 | Elf:2    | Found Wirouniun's Antique Weapon Boutique.
 29002 | Elf:2    | Found a huge runed gate.
 29002 | Elf:2    | Found a huge runed gate.
 29002 | Elf:2    | Found a huge runed gate.
 29442 | Elf:2    | Reached XP level 20. HP: 155/162 MP: 22/22
 29822 | Elf:3    | Entered Level 3 of the Elven Halls
 29936 | Elf:3    | Found Antess's Distillery.
 29969 | Elf:3    | Bought a potion of heal wounds for 70 gold pieces
 30682 | Elf:3    | Reached skill level 23 in Shields
 30745 | Elf:3    | Gained mutation: Your magical capacity is low. (-10% MP) [a neqoxec]
 30747 | Elf:3    | Gained mutation: You are clumsy. (Dex -2) [a neqoxec]
 30780 | Elf:3    | Noticed a Brimstone Fiend
 30889 | Elf:3    | Got a clouded jade ring
 30950 | Elf:3    | Identified the ring of Ydol {rElec Str-5 Int+5 Dex+3 Slay+3} (You took it off a deep elf demonologist on level 3 of the Elven Halls)
 31006 | Elf:3    | Identified the Guide on Vitriolic Flames
 31063 | Elf:3    | Got a pair of warped gloves
 31083 | Elf:3    | Identified the +2 pair of gloves of Duck's Teeth {rC+} (You found it on level 3 of the Elven Halls)
 31126 | Elf:3    | Identified the Disquisition on Creative Combat Magic
 31777 | D:13     | Found a basalt altar of Yredelemnul.
 32024 | D:14     | Found a gate to the Vaults.
 32024 | D:14     | Noticed Nessos
 32027 | D:14     | Noticed Agnes
 32042 | D:14     | Killed Agnes
 32043 | D:14     | Reached XP level 21. HP: 146/171 MP: 21/21
 32059 | D:14     | Killed Nessos
 32253 | D:14     | Noticed Roxanne
 32412 | D:14     | Found a runed door.
 32968 | D:14     | Killed Roxanne
 33069 | D:15     | Entered Level 15 of the Dungeon
 33457 | D:15     | Found a staircase to the Depths.
 33559 | D:15     | Got a faintly glowing scimitar
 33560 | D:15     | Identified the +5 scimitar of Hard Scrabble {flame, Int+3} (You found it on level 15 of the Dungeon)
 33848 | Vaults:1 | Entered Level 1 of the Vaults
 33936 | Vaults:1 | Reached skill level 24 in Shields
 34148 | Vaults:1 | Found Xoukae's General Store.
 34163 | Vaults:1 | Noticed Donald
 34167 | Vaults:1 | Killed Donald
 35120 | Vaults:2 | Got a faintly glowing platinum ring
 35300 | Vaults:2 | Reached XP level 22. HP: 166/180 MP: 22/22
 35426 | Vaults:2 | Identified the ring "Tilupos" {rC+ Str+2} (You found it on level 2 of the Vaults)
 36796 | Vaults:3 | Found Riahi Yca's General Store.
 37328 | Vaults:3 | Reached skill level 25 in Shields
 37997 | Vaults:3 | Found a staircase to the Crypt.
 38414 | Vaults:4 | Reached XP level 23. HP: 190/190 MP: 23/23
 39513 | Vaults:4 | Reached skill level 26 in Shields
 39894 | Vaults:5 | Entered Level 5 of the Vaults
 40142 | Depths:1 | Entered Level 1 of the Depths
 40142 | Depths:1 | Noticed Bai Suzhen
 40157 | Depths:1 | Killed Bai Suzhen
 40256 | Depths:1 | Found a gateway to Hell.
 40459 | Depths:1 | Reached XP level 24. HP: 199/199 MP: 23/23
 40505 | Depths:1 | Noticed a golden dragon
 40511 | Depths:1 | Killed a golden dragon
 41254 | Depths:2 | Found a corrupted altar of Lugonu.
 41255 | Depths:2 | Found a one-way gate to the infinite horrors of the Abyss.
 41399 | Depths:2 | Noticed a caustic shrike
 41451 | Depths:2 | Killed a caustic shrike
 41684 | Depths:2 | Lost mutation: You are clumsy. (Dex -2) [potion of mutation]
 41684 | Depths:2 | Lost mutation: You are partially covered in large bone plates. (SH +4) [potion of mutation]
 41684 | Depths:2 | Lost mutation: Your magical capacity is low. (-10% MP) [potion of mutation]
 41684 | Depths:2 | Gained mutation: You are robust. (+10% HP) [potion of mutation]
 41684 | Depths:2 | Gained mutation: You are weak. (Str -2) [potion of mutation]
 41684 | Depths:2 | Gained mutation: Your flesh is cold resistant. (rC+) [potion of mutation]
 41859 | Depths:2 | Identified Dutejisch's Papyrus of Flamy Weightlessness
 42265 | Depths:3 | Noticed Jorgrun
 42286 | Depths:3 | Killed Jorgrun
 42414 | Depths:3 | Reached skill level 27 in Shields
 42819 | Depths:3 | Found a transporter.
 42881 | Depths:3 | Found a gateway to a ziggurat.
 43057 | Depths:3 | Found a transporter.
 43128 | Depths:3 | Found a one-way gate leading to the halls of Pandemonium.
 43333 | Depths:3 | Noticed a juggernaut
 43333 | Depths:3 | Noticed a golden dragon
 43339 | Depths:3 | Noticed a golden dragon
 43376 | Depths:3 | Killed a golden dragon
 43394 | Depths:3 | Killed a juggernaut
 43394 | Depths:3 | Reached XP level 25. HP: 61/231 MP: 25/25
 43420 | Depths:3 | HP: 3/231 [deep troll earth mage (20)]
 43424 | Depths:3 | HP: 1/231 [deep troll shaman (13)]
 43424 | Depths:3 | Slain by a deep troll shaman

Skill      XL: |  1  2  3  4  5  6  7  8  9 10 11 12 13 14 15 16 17 18 19 20 21 22 23 24 |
---------------+-------------------------------------------------------------------------+-----
Shields        | 4 5 6 7 8 10 12 14 16 17 18 20 21 22 23 24 25 26 27 | 27.0
Axes           | 3 4 5 7 8 |  8.8
Throwing       | 1 2 3 4 5 6 7 |  7.5
Dodging        | 1 2 3 5 |  5.7
Armour         | 4 5 6 7 8 9 10 11 12 13 14 | 14.2
Fighting       | 4 5 6 7 8 9 10 12 13 14 15 16 17 18 19 | 19.8
Polearms       | 2 6 9 10 12 13 14 15 16 17 18 19 20 | 20.1
Stealth        | 1 2 3 4 |  4.2
Invocations    | 2 3 |  3.8
Evocations     | |  0.1

Action                   |  1- 3 |  4- 6 |  7- 9 | 10-12 | 13-15 | 16-18 | 19-21 | 22-24 | 25-27 || total
-------------------------+-------+-------+-------+-------+-------+-------+-------+-------+-------++-------
Melee: War axe           |   108 |   238 |   242 |       |       |       |       |       |       ||   588
       Trident           |       |       |    49 |   616 |   448 |       |       |       |       ||  1113
       Demon trident     |       |       |       |       |   539 |  1292 |  1494 |  1854 |    13 ||  5192
       Bardiche          |       |       |       |       |       |       |   110 |       |       ||   110
Throw: Stone             |    37 |    35 |    42 |    64 |     7 |    40 |       |       |       ||   225
       Tomahawk          |       |       |       |       |    28 |    13 |     7 |     5 |       ||    53
       Javelin           |       |       |       |       |       |       |    33 |     9 |       ||    42
Invok: Upheaval          |       |       |       |     1 |     2 |       |     2 |     1 |       ||     6
       Elemental Force   |       |       |       |       |     3 |       |     3 |     1 |       ||     7
 Abil: Dig               |       |       |       |       |       |       |     2 |       |       ||     2
Evoke: Fan of gales      |       |       |       |       |       |     1 |       |       |       ||     1
  Use: Potion            |       |     3 |     5 |     5 |     2 |     7 |     1 |    20 |    17 ||    60
       Scroll            |       |       |    12 |     2 |     9 |    10 |     3 |     3 |       ||    39
 Stab: Distracted        |       |       |       |     1 |       |       |       |     2 |       ||     3
       Invisible         |       |       |       |       |     4 |       |       |       |       ||     4
       Petrified         |       |       |       |       |       |     2 |       |       |       ||     2
  Eat: Chunk             |     1 |     9 |    10 |    18 |    12 |    14 |    23 |    28 |       ||   115
       Ration            |       |       |       |       |     3 |     4 |     3 |       |       ||    10
Armor: Scale mail        |    56 |    96 |    38 |       |       |       |       |       |       ||   190
       Chain mail        |       |       |    21 |       |       |       |       |       |       ||    21
       Plate armour      |       |       |    48 |   122 |   124 |   265 |   167 |   207 |    41 ||   974
       Skin              |       |       |       |       |       |       |     5 |       |       ||     5
Dodge: Dodged            |    49 |    95 |    71 |    40 |    68 |   179 |   101 |   154 |    23 ||   780
       Deflected         |       |       |       |       |    10 |    25 |    11 |    16 |       ||    62
Block: Shield            |    65 |   133 |   176 |    21 |       |       |       |       |       ||   395
       Large shield      |       |       |       |   454 |   788 |  1238 |  1274 |  1342 |    95 ||  5191
       Reflection        |       |       |       |     2 |    36 |       |       |       |       ||    38
       Other             |       |       |       |       |       |    51 |       |       |       ||    51
